 Dungeon Sprint DCSS version bcrawl-1.21.2-1-g32d02e0829 (webtiles) character file.

Game seed: 1623277578194981560

5399 Groucho the Imperceptible (level 10, 0/103 HPs)
             Began as a Felid Berserker on Feb 18, 2020.
             Was the Champion of Trog.
             Incinerated by a red very ugly thing (4 damage)
             ... in the Dungeon (Sprint IX: "|||||||||||||||||||||||||||||") on Feb 19, 2020.
             The game lasted 00:20:07 (4563 turns).

Groucho the Imperceptible (Felid Berserker)         Turns: 4563, Time: 00:20:08

Health: 0/103      AC:  3    Str: 18    XL:     10   Next: 66%
Magic:  11/11      EV: 40    Int:  9    God:    Trog [******]
Gold:   1912       SH:  0    Dex: 23    Spells: 9/9 levels left
                                        Lives:  0   Deaths: 3

rFire    . . .     SeeInvis +     - Unarmed
rCold    + . .     Gourm    .   (shield unavailable)
rNeg     . . .     Faith    .   (armour unavailable)
rPois    .         Spirit   .   (helmet unavailable)
rElec    .         Reflect  .   (cloak restricted)
rCorr    .         Harm     .   (gloves unavailable)
MR       +++..     NoTele   +   (boots unavailable)
Stlth    ..........             (no amulet)
HPRegen  1.27/turn              k - +3 ring of dexterity
MPRegen  0.12/turn              l - +2 ring of evasion

@: berserking (expiring), lethally poisoned (0 -> -55), liquid flames,
regenerating, glowing, very quick
A: very small, no armour, no weapons or thrown items, stealth, claws 1, fangs 3,
see invisible, carnivore, speed 1, shaggy fur 3, slow metabolism 1, sharp paws
a: Berserk, Trog's Hand, Brothers in Arms, Renounce Religion


You were in the Dungeon.
You worshipped Trog.
Trog was exalted by your worship.
You were not hungry.

You visited 1 branch You collected 1912 gold pieces.

Inventory:

Jewellery
 k - a +3 ring of dexterity (left paw)
 l - a +2 ring of evasion (right paw)
 m - an uncursed ring of fire
Wands
 d - a wand of paralysis (13)
 j - a wand of iceblast (10)
Scrolls
 g - 2 scrolls of blinking
 i - 5 scrolls of remove curse
 p - a scroll of identify
 q - a scroll of fog
 r - 3 scrolls of fear
 s - a scroll of immolation
Potions
 a - 5 potions of magic
 b - 8 potions of curing
 f - 3 potions of berserk rage
 h - a potion of lignification {unknown}
 n - a potion of might
 o - a potion of mutation
Comestibles
 e - 11 rations {!d}


   Skills:
 + Level 16.6 Fighting
 + Level 20.6 Dodging
 + Level 21.7 Stealth
 + Level 19.2 Unarmed Combat


You had 9 spell levels left.
You didn't know any spells.
Your spell library was empty.

Dungeon Overview and Level Annotations

Branches:
Dungeon (1/1)

Altars:
Cheibriados
Dithmenos
Elyvilon
Fedhas
Gozag
Hepliaklqana
Kikubaaqudgha
Lugonu
Makhleb
Nemelex Xobeh
Okawaru
Qazlal
Ru
Sif Muna
Trog
Uskayaw
Vehumet
Wu Jian
Xom
Yredelemnul
Zin
The Shining One
Beogh
Jiyva

Shops:
D [(?*


Innate Abilities, Weirdness & Mutations

You cannot wear almost all types of armour.
You are incapable of wielding weapons or throwing items.
Your paws allow you to move quietly. (Stealth)
You have sharp claws.
You have razor-sharp teeth.
You have supernaturally acute eyesight. (SInv)
You are carnivorous and can eat meat at any time.
You cover ground quickly.
Your thick and shaggy fur keeps you warm. (AC +3, rC+)
You have a slow metabolism.
Your sharp claws are effective at attacking unaware monsters.


Message History

You are too berserk!
You feel a strong urge to attack something.
You are engulfed in poison gas.
You are lethally poisoned!
* * * LOW HITPOINT WARNING * * *
You are covered in liquid flames!
* * * LOW HITPOINT WARNING * * *
x2 You feel very sick.
You are engulfed in poison gas.
You are more poisoned.
* * * LOW HITPOINT WARNING * * *
You are covered in liquid flames!
* * * LOW HITPOINT WARNING * * *
x2 You feel very sick.
You feel your anger nearly subside.
You are engulfed in poison gas.
You are more poisoned.
* * * LOW HITPOINT WARNING * * *
You are covered in liquid flames!
You die...

.▓.▓.▓.▓.▓.▓.▓.▓.▓.▓.▓
.▓.▓.▓.▓)▓.▓'▓.▓.▓.▓.▓
'▓.▓.▓.▓.▓.▓.▓.▓[▓.▓.▓
.▓.▓.▓.▓.▓.▓=▓.▓○▓.▓D▓
.▓.▓.▓)▓)▓.▓=▓.▓☼▓.▓.▓
.▓.▓.▓.▓)▓.▓.▓.▓○▓.▓.▓
.▓.▓|▓.▓.▓.▓=▓.▓○▓.▓p▓
.▓.▓†▓.▓)▓.▓)▓.▓°▓.▓.▓
'▓.▓.▓.▓)▓.▓)▓.▓@▓.▓.▓
_▓.▓.▓.▓.▓.▓)▓.▓○▓.▓'▓
_▓.▓?▓.▓)▓.▓)▓.▓○▓.▓[▓
_▓.▓.▓.▓.▓.▓)▓.▓°▓.▓†▓
_▓.▓.▓.▓.▓.▓)▓.▓.▓.▓T▓
_▓.▓'▓.▓.▓.▓)▓.▓.▓.▓p▓
_▓.▓÷▓.▓.▓.▓)▓.▓.▓.▓.▓
_▓)▓.▓.▓.▓.▓.▓.▓.▓.▓.▓
_▓.▓.▓.▓.▓.▓[▓.▓.▓.▓c▓


There were no monsters in sight!

Vanquished Creatures
  Kirke (D)
  A stone giant (D)
  A very ugly thing (D)
  A vampire knight (D)
  A merfolk javelineer (D)
  Azrael (D)
  A merfolk impaler (D)
  A hydra (D)
  An anaconda (D)
  Erica (D)
  2 ice dragons (D)
  A two-headed ogre (D)
  An orc high priest (D)
  Urug (D)
  2 naga sharpshooters (D)
  Sonja (D)
  A swamp dragon (D)
  A flayed ghost (D)
  2 cyclopes (D)
  8 orc knights (D)
  An orc sorcerer (D)
  3 ugly things (D)
  An orb spider (D)
  2 black mambas (D)
  8 elephants (D)
  A naga mage (D)
  2 cane toads (D)
  A komodo dragon (D)
  A demonic crawler (D)
  A yaktaur (D)
  2 merfolk (D)
  A hippogriff (D)
  2 redbacks (D)
  A shadow (D)
  3 hogs (D)
  3 fire elementals (D)
  A basilisk (D)
  An insubstantial wisp (D)
  2 water moccasins (D)
  2 crocodiles (D)
  2 nagas (D)
  A hell hound (D)
  2 porcupines (D)
  13 orc warriors (D)
  An ice beast (D)
  2 sky beasts (D)
  2 centaurs (D)
  A bullfrog (D)
  A gnoll sergeant (D)
  A scorpion (D)
  3 orc priests (D)
  5 orc wizards (D)
  An adder (D)
  A shadow imp (D)
  A dart slug (D)
  5 orcs (D)
  A ball python (D)
  A giant cockroach (D)
  A quokka (D)
  2 bats (D)
  A kobold (D)
  A quokka skeleton (D)
118 creatures vanquished.

Vanquished Creatures (collateral kills)
  2 fire giants (D)
  A merfolk impaler (D)
  A merfolk javelineer (D)
  A hydra (D)
  A merfolk aquamancer (D)
  An orc high priest (D)
  A glowing orange brain (D)
  An ugly thing (D)
  An orc knight (D)
  A salamander (D)
  A cane toad (D)
  2 komodo dragons (D)
  A snapping turtle (D)
  A yak (D)
  A crocodile (shapeshifter) (D)
  2 porcupines (D)
  2 orc warriors (D)
  A bullfrog (D)
  2 orcs (D)
24 creatures vanquished.

Vanquished Creatures (others)
  A hydra (D)
  3 alligators (D)
  An orc warrior (D)
5 creatures vanquished.

Grand Total: 147 creatures vanquished

Notes
Turn   | Place    | Note
-------+----------+-------------------------------------------
     0 | D        | Groucho the Felid Berserker began the quest for the Orb.
     0 | D        | Reached XP level 1. HP: 12/12 MP: 2/2
     3 | D        | Reached skill level 1 in Stealth
    10 | D        | Reached ** piety under Trog
    32 | D        | Reached skill level 5 in Dodging
    32 | D        | Reached skill level 3 in Stealth
    32 | D        | Reached skill level 5 in Unarmed Combat
    32 | D        | Reached XP level 2. HP: 15/17 MP: 3/3
    32 | D        | Reached XP level 3. HP: 19/21 MP: 4/4
    32 | D        | Noticed a scorpion
    32 | D        | Reached skill level 5 in Stealth
    32 | D        | Reached XP level 4. HP: 24/26 MP: 5/5
    32 | D        | Noticed a sky beast
    32 | D        | Reached skill level 5 in Fighting
    32 | D        | Reached skill level 6 in Stealth
    32 | D        | Reached XP level 5. HP: 27/30 MP: 6/6
    32 | D        | Noticed a sky beast
    36 | D        | Killed a sky beast
    36 | D        | Reached *** piety under Trog
    44 | D        | Killed a sky beast
   392 | D        | Found a roughly hewn altar of Beogh.
   392 | D        | Found a snail-covered altar of Cheibriados.
   392 | D        | Found a shadowy altar of Dithmenos.
   392 | D        | Found a white marble altar of Elyvilon.
   392 | D        | Found a blossoming altar of Fedhas.
   392 | D        | Found an opulent altar of Gozag.
   393 | D        | Found a hazy altar of Hepliaklqana.
   394 | D        | Found a viscous altar of Jiyva.
   395 | D        | Found an ancient bone altar of Kikubaaqudgha.
   396 | D        | Found a corrupted altar of Lugonu.
   397 | D        | Found a burning altar of Makhleb.
   398 | D        | Found a sparkling altar of Nemelex Xobeh.
   399 | D        | Found an iron altar of Okawaru.
   400 | D        | Found a stormy altar of Qazlal.
   401 | D        | Found a sacrificial altar of Ru.
   402 | D        | Found a shimmering blue altar of Sif Muna.
   403 | D        | Found a bloodstained altar of Trog.
   404 | D        | Found a hide-covered altar of Uskayaw.
   405 | D        | Found a radiant altar of Vehumet.
   406 | D        | Found an ornate altar of the Wu Jian Council.
   407 | D        | Found a shimmering altar of Xom.
   408 | D        | Found a basalt altar of Yredelemnul.
   409 | D        | Found a glowing silver altar of Zin.
   410 | D        | Found a glowing golden altar of the Shining One.
   436 | D        | Reached skill level 7 in Stealth
   436 | D        | Noticed an orc warrior
   436 | D        | Reached skill level 10 in Dodging
   436 | D        | Reached skill level 10 in Stealth
   436 | D        | Gained mutation: You are covered in thick fur. (AC +2)
                  | [Felid growth]
   436 | D        | Reached XP level 6. HP: 39/39 MP: 7/7
   436 | D        | Reached XP level 7. HP: 43/43 MP: 8/8
   436 | D        | Noticed a two-headed ogre
   436 | D        | Noticed a hippogriff
   447 | D        | Killed a two-headed ogre
   447 | D        | Reached **** piety under Trog
   464 | D        | Killed a hippogriff
   464 | D        | Reached ***** piety under Trog
   505 | D        | Reached skill level 11 in Stealth
   505 | D        | Reached skill level 10 in Unarmed Combat
   505 | D        | Noticed a polar bear
   505 | D        | Reached XP level 8. HP: 48/49 MP: 9/9
   505 | D        | Noticed a komodo dragon
   525 | D        | Reached skill level 12 in Stealth
   525 | D        | a polar bear changed into a soldier ant
   544 | D        | Killed a komodo dragon
   778 | D        | Noticed Erica
   788 | D        | Killed Erica
   850 | D        | Reached skill level 10 in Fighting
   850 | D        | Reached skill level 13 in Stealth
   850 | D        | Reached XP level 9. HP: 55/55 MP: 10/10
   850 | D        | Noticed a seven-headed hydra
   850 | D        | Noticed a komodo dragon
   851 | D        | Reached skill level 14 in Stealth
   851 | D        | Noticed a cane toad
   852 | D        | Killed a seven-headed hydra
   866 | D        | Killed a komodo dragon
   885 | D        | Killed a cane toad
   888 | D        | Reached ****** piety under Trog
  1130 | D        | Noticed a cane toad
  1130 | D        | Noticed a komodo dragon
  1130 | D        | Reached skill level 15 in Stealth
  1130 | D        | Noticed a four-headed hydra
  1130 | D        | Noticed a cane toad
  1133 | D        | Reached XP level 10. HP: 62/62 MP: 11/11
  1134 | D        | Killed a cane toad
  1141 | D        | Killed a four-headed hydra
  1143 | D        | Killed a cane toad
  1175 | D        | Noticed an elephant
  1175 | D        | Noticed an elephant
  1175 | D        | Reached skill level 15 in Dodging
  1175 | D        | Noticed an elephant
  1175 | D        | Noticed an elephant
  1175 | D        | Noticed an elephant
  1175 | D        | Reached skill level 16 in Stealth
  1175 | D        | Noticed an elephant
  1184 | D        | Killed an elephant
  1191 | D        | Killed an elephant
  1200 | D        | Killed an elephant
  1200 | D        | Noticed an elephant
  1206 | D        | Noticed an elephant
  1208 | D        | Killed an elephant
  1221 | D        | Killed an elephant
  1231 | D        | Killed an elephant
  1240 | D        | Killed an elephant
  1246 | D        | Killed an elephant
  1502 | D        | Noticed an orc high priest
  1502 | D        | Noticed an orc high priest
  1511 | D        | Killed an orc high priest
  1561 | D        | Killed an orc high priest
  1670 | D        | Noticed an orc knight
  1839 | D        | Killed an orc knight
  1906 | D        | Noticed an orc knight
  1912 | D        | Reached skill level 15 in Unarmed Combat
  1927 | D        | Killed an orc knight
  1937 | D        | Reached skill level 17 in Stealth
  1937 | D        | Noticed an orc sorcerer
  1958 | D        | Killed an orc sorcerer
  1974 | D        | Found Gonokej's Antique Armour Emporium.
  1974 | D        | Reached XP level 11. HP: 35/68 MP: 12/12
  1974 | D        | Noticed an orc knight
  1974 | D        | Noticed an orc knight
  1974 | D        | Noticed an orc knight
  1974 | D        | Noticed an orc knight
  1976 | D        | Killed an orc knight
  1977 | D        | Found Kaceam's Antique Weapon Shoppe.
  1978 | D        | Killed an orc knight
  1980 | D        | Killed an orc knight
  1981 | D        | Found Woinoamn's Magic Scroll Emporium.
  1983 | D        | Noticed an orc knight
  1984 | D        | Killed an orc knight
  1985 | D        | Found Yxiuck's General Store.
  1990 | D        | Noticed an orc knight
  1992 | D        | Noticed an orc knight
  1999 | D        | Killed an orc knight
  2002 | D        | Killed an orc knight
  2007 | D        | Killed an orc knight
  2151 | D        | Reached skill level 18 in Stealth
  2151 | D        | Noticed Sonja
  2158 | D        | Killed Sonja
  2246 | D        | Noticed a cyclops
  2246 | D        | Noticed a green ugly thing
  2247 | D        | Noticed a cyclops
  2250 | D        | Noticed a flayed ghost
  2254 | D        | Noticed a green ugly thing
  2261 | D        | Killed a cyclops
  2261 | D        | Noticed an ice dragon
  2265 | D        | Noticed a brown ugly thing
  2271 | D        | Killed a green ugly thing
  2272 | D        | Noticed a stone giant
  2277 | D        | Noticed a vampire knight
  2283 | D        | Killed a cyclops
  2294 | D        | Killed a flayed ghost
  2305 | D        | Killed a green ugly thing
  2313 | D        | Killed an ice dragon
  2320 | D        | Killed a brown ugly thing
  2328 | D        | Killed a stone giant
  2338 | D        | Killed a vampire knight
  2772 | D        | Reached skill level 19 in Stealth
  2772 | D        | Noticed Urug
  2779 | D        | Killed Urug
  2798 | D        | Noticed Kirke
  2821 | D        | Noticed a manticore
  2826 | D        | Killed Kirke
  2852 | D        | Gained mutation: Your thick and shaggy fur keeps you warm.
                  | (AC +3, rC+) [Felid growth]
  2852 | D        | Reached XP level 12. HP: 71/75 MP: 13/13
  2852 | D        | Noticed Azrael
  2868 | D        | Killed Azrael
  2964 | D        | Noticed an anaconda
  2964 | D        | Reached skill level 15 in Fighting
  2965 | D        | Noticed a naga sharpshooter
  2969 | D        | Noticed a naga sharpshooter
  2983 | D        | Killed an anaconda
  3098 | D        | Slain by a salamander
  3099 | D        | Reached XP level 11. HP: -3/71 MP: 12/12
  3120 | D        | Reached skill level 20 in Stealth
  3120 | D        | Noticed an ice dragon
  3120 | D        | Noticed a glowing orange brain
  3120 | D        | Noticed a green ugly thing
  3120 | D        | Noticed a fire giant
  3120 | D        | Noticed a wizard
  3120 | D        | Noticed a fire giant
  3121 | D        | Noticed a deep troll shaman
  3122 | D        | Killed an ice dragon
  3127 | D        | Noticed an iron dragon
  3127 | D        | Killed a glowing orange brain
  3131 | D        | Killed a green ugly thing
  3133 | D        | Killed a fire giant
  3134 | D        | Noticed a hell knight
  3134 | D        | Noticed a yaktaur captain
  3134 | D        | Killed a fire giant
  3238 | D        | Noticed a spark wasp
  3238 | D        | Noticed an orb spider
  3239 | D        | Reached skill level 21 in Stealth
  3243 | D        | Reached XP level 12. HP: 73/77 MP: 13/13
  3251 | D        | Slain by a spark wasp
  3252 | D        | Reached XP level 11. HP: -3/72 MP: 12/12
  3276 | D        | Killed a salamander
  3335 | D        | Killed a naga sharpshooter
  3358 | D        | Killed a naga sharpshooter
  3584 | D        | Noticed a merfolk aquamancer
  3584 | D        | Noticed a merfolk javelineer
  3584 | D        | Noticed a merfolk impaler
  3595 | D        | Noticed a merfolk javelineer
  3789 | D        | Noticed a merfolk impaler
  3822 | D        | Killed a merfolk javelineer
  3833 | D        | Killed a merfolk impaler
  3847 | D        | Killed a merfolk aquamancer
  3873 | D        | Killed a merfolk impaler
  3889 | D        | Killed a merfolk javelineer
  4269 | D        | Noticed an alligator
  4269 | D        | Noticed a swamp dragon
  4269 | D        | Noticed a ghost crab
  4269 | D        | Noticed a swamp dragon
  4269 | D        | Noticed a red very ugly thing
  4276 | D        | Killed an alligator
  4277 | D        | Noticed an alligator
  4279 | D        | Engulfed by a ghost crab's spectral mist
  4280 | D        | Reached XP level 10. HP: -3/69 MP: 11/11
  4285 | D        | Killed an alligator
  4285 | D        | Killed a four-headed hydra
  4286 | D        | Killed an alligator
  4556 | D        | Killed a red very ugly thing
  4559 | D        | Killed a swamp dragon
  4562 | D        | HP: 5/103 [poison (poison gas)]
  4563 | D        | Incinerated by a red very ugly thing

Skill      XL: |  1  2  3  4  5  6  7  8  9 10 11 12 |
---------------+-------------------------------------+-----
Stealth        | 3 5 6 10 11 13 15 17 21 | 21.7
Unarmed Combat | 5 6 9 10 12 13 15 19 | 19.2
Fighting       | 4 5 8 9 10 11 13 16 15 | 16.6
Dodging        | 5 6 7 10 11 13 14 16 20 | 20.6

Action                   |  1- 3 |  4- 6 |  7- 9 | 10-12 || total
-------------------------+-------+-------+-------+-------++-------
Melee: Unarmed           |    13 |    12 |    79 |   409 ||   513
       Bite              |     3 |       |    10 |    66 ||    79
       Punch             |       |       |     9 |    46 ||    55
Invok: Trog's Hand       |       |       |     4 |    15 ||    19
       Berserk           |       |       |     2 |     3 ||     5
       Brothers in Arms  |       |       |     1 |    10 ||    11
Evoke: Wand              |       |       |       |     2 ||     2
  Use: Potion            |       |       |     3 |     8 ||    11
       Scroll            |       |       |       |     2 ||     2
 Stab: Sleeping          |       |     2 |     4 |    13 ||    19
       Distracted        |       |       |     1 |     4 ||     5
       Invisible         |       |       |       |    15 ||    15
  Eat: Chunk             |     2 |       |    10 |    12 ||    24
Armor: Skin              |       |       |     1 |     6 ||     7
Dodge: Dodged            |    15 |     4 |    76 |   382 ||   477
